cohdb
Replays
Latest Replays
All Replays
Popular Replays
Top Player Replays
Match Explorer
How It Works
Community
CoH3 Stats
Reddit
Sign in to upload your games and track your stats! →
Sign in with Steam
Match 44421680
Unlisted
Match 44421680
Overview
Messages
Build Orders
End
Scout Squad
Construct Barracks
Selects Armored Battlegroup
Selects Veteran Crews
1⁄4-ton 4x4 Truck
Riflemen Squad
Riflemen Squad
Infantry Support Center
Construct Medical Station
Riflemen Squad
Construct Motor Pool
Selects Field Repairs
Selects War Machine
M24 Chaffee Light Tank
Engineer Squad
Selects Strength in Steel
M8 Greyhound Armored Car
Legionary
ЭЩКЕРЕ
0
0
Comments
sign in to comment!
No comments posted yet!